 Dungeon Crawl Stone Soup version 0.26-a0-812-g31a745ddcd (webtiles) character file.

Game seed: 14404751408324091403

207 Dracia the Conjurer (level 5, 0/38 HPs)
             Began as a Draconian Conjurer on Dec 7, 2020.
             Slain by an orc wizard
             ... wielding a cursed -1 dagger
              (2 damage)
             ... on level 4 of the Dungeon.
             The game lasted 00:06:12 (3528 turns).

Dracia the Conjurer (Draconian Conjurer)            Turns: 3528, Time: 00:06:13

Health: 0/38       AC:  8    Str:  9    XL:     5   Next: 54%
Magic:  8/8        EV: 12    Int: 20    God:
Gold:   63         SH:  0    Dex:  9    Spells: 2/8 levels left

rFire    x . .     SeeInvis .   c - +0 mace (vorpal)
rCold    + . .     Faith    .   (no shield)
rNeg     . . .     Spirit   .   (armour unavailable)
rPois    .         Reflect  .   (helmet restricted)
rElec    .         Harm     .   (no cloak)
rCorr    .         Rampage  .   (no gloves)
MR       .....                  d - +2 pair of boots
Stlth    ++........             j - amulet of magic regeneration
HPRegen  0.12/turn              C - ring of ice
MPRegen  0.36/turn              (no ring)

@: no status effects
A: unfitting armour, cold-blooded, AC +5
a: no special abilities


You were on level 4 of the Dungeon.
You visited 1 branch of the dungeon, and saw 5 of its levels.

You collected 63 gold pieces.


Innate Abilities, Weirdness & Mutations

Your plain brown scales are hard. (AC +5)
You cannot fit into any form of body armour.
You are cold-blooded and may be slowed by cold attacks.


   Skills:
 - Level 1.7 Dodging
 - Level 1.7 Stealth
 - Level 2.3 Spellcasting
 + Level 6.7 Conjurations


You had 2 spell levels left.
You knew the following spells:

 Your Spells              Type           Power        Failure   Level
d - Dazzling Flash        Conj/Hex       ###...       12%         3
s - Searing Ray           Conj           ####..       1%          2
z - Magic Dart            Conj           ####         1%          1

Your spell library contained the following spells:

 Spells                   Type           Power        Failure   Level
 Fulminant Prism          Conj/Hex       ###.......   36%         4
 Iskenderun's Mystic Bla  Conj/Tloc      ###.....     36%         4

Inventory:

Hand Weapons
 b - a +0 dagger
 c - a +0 vorpal mace (weapon)
Missiles
 f - 8 poisoned darts (quivered)
Armour
 d - a +2 pair of boots (worn)
Jewellery
 j - an amulet of magic regeneration (around neck)
 C - a ring of ice (left hand)
Scrolls
 a - a scroll of enchant weapon {unknown}
 e - a scroll of noise {unknown}
 g - 4 scrolls of identify {unknown}
 h - a scroll of remove curse {unknown}
 i - a scroll of amnesia {unknown}

Dungeon Overview and Level Annotations

Branches:
Dungeon (5/15)
 Temple: D:4-7

Altars:
Trog

#####.#####......#.
#........##.........
#.######........#...
####..(...#..
##....#.#....
.###....##.#....
g....#..# .. ..$
#..##..o###..... ..
#..)@<......$ .
#....###..... #....#
... #...[.# .
........# #........
##......# #..$.....
........#


You could see an orc wizard.


Message History

The orc wizard is lightly wounded.
The orc wizard gestures at you while chanting.
The magic dart hits you.
Your magical contamination has completely faded away.
You bump into the rock wall.
The orc wizard hits you but does no damage.
You feel less confused.
The orc wizard points at you and mumbles some strange words.
The puff of flame hits you! The fire burns you terribly!
* * * LOW HITPOINT WARNING * * *
The orc wizard closely misses you.
Things that are here:
a +0 halberd; a gnoll corpse You aren't carrying any potions.
Unknown command.
The orc wizard hits you but does no damage.
You hit the orc wizard.
Your tail-slap misses the orc wizard.
The orc wizard is heavily wounded.
The orc wizard barely misses you.
The orc wizard hits you but does no damage.
You hit the orc wizard.
The orc wizard is almost dead.
The orc wizard hits you but does no damage.
You hit the orc wizard.
The orc wizard is almost dead.
The orc wizard casts a spell at you. The puff of flame hits you!
The fire burns you terribly!
* * * LOW HITPOINT WARNING * * *
The orc wizard hits you with a cursed -1 dagger.
You die...

Skill      XL: |  1  2  3  4 |
---------------+-------------+-----
Conjurations   | 5 6 |  6.7
Dodging        | |  1.7
Stealth        | |  1.7
Spellcasting   | |  2.3

Action                   |  1- 3 |  4- 6 || total
-------------------------+-------+-------++-------
Melee: Unarmed           |    43 |       ||    43
       Tailslap          |    10 |     5 ||    15
       Dagger            |    67 |       ||    67
       Mace              |    32 |    53 ||    85
 Cast: Magic Dart        |    14 |    16 ||    30
       Searing Ray       |     4 |     1 ||     5
       Dazzling Flash    |       |     1 ||     1
 Stab: Sleeping          |     2 |       ||     2
Armor: Skin              |    47 |    25 ||    72
Dodge: Dodged            |   106 |    45 ||   151

Levels and vault maps discovered:
D:1:      dpeg_arrival_signposts, layout_loops_ring, nrook_mini_vaults
D:2:      layout_basic, uniq_crazy_yiuf_cottage, uniq_terence
D:3:      layout_basic, tgw_trog
D:4:      layout_rooms, minmay_temple_entry_wispy, guppyfry_shop_venom
D:5:      layout_loops_ring, elyvilon_altar_4, kennysheep_generic_room_4

Notes
Turn   | Place    | Note
-------+----------+-------------------------------------------
     0 | D:1      | Dracia the Draconian Conjurer began the quest for the Orb.
     0 | D:1      | Reached XP level 1. HP: 14/14 MP: 3/3
   668 | D:1      | Reached XP level 2. HP: 20/20 MP: 1/5
   679 | D:1      | Learned a level 2 spell: Searing Ray
  1652 | D:2      | Reached XP level 3. HP: 24/26 MP: 3/6
  1728 | D:2      | Reached skill level 5 in Conjurations
  1772 | D:2      | You fall into a shaft and drop 1 floor!
  2059 | D:3      | Learned a level 3 spell: Dazzling Flash
  2568 | D:3      | Noticed a moth of wrath
  2570 | D:3      | Found a bloodstained altar of Trog.
  2598 | D:3      | Reached XP level 4. HP: 18/33 MP: 7/7
  2798 | D:3      | You fall into a shaft and drop 2 floors!
  2798 | D:5      | Entered Level 5 of the Dungeon
  2944 | D:4      | Reached skill level 6 in Conjurations
  2944 | D:4      | Reached XP level 5. HP: 38/38 MP: 4/8
  3528 | D:4      | HP: 2/38 [orc wizard/puff of flame (12)]
  3528 | D:4      | Slain by an orc wizard

Vanquished Creatures
  2 orc wizards
  An adder (D:2)
  8 gnolls
  A worm (D:3)
  4 leopard geckos
  6 orcs
  4 giant cockroaches
  9 goblins
  7 hobgoblins
  A quokka (D:3)
  3 bats
  A frilled lizard (D:1)
  5 kobolds
  9 rats
61 creatures vanquished.

Table legend: (Time is in decaauts)
 A = Elapsed time spent in this place.
 B = Non-inter-level travel time spent in this place.
 C = Inter-level travel time spent in this place.
 D = Time resting spent in this place.
 E = Time spent auto-exploring this place.
 F = Levels seen in this place.
 G = Mean time per level.
                   A        B        C        D        E       F      G
               +--------+--------+--------+--------+--------+-----+--------+
         Total |   3565 |   3519 |     46 |   1209 |   1721 |   5 |  713.0 |
       Dungeon |   3565 |   3519 |     46 |   1209 |   1721 |   5 |  713.0 |
               +--------+--------+--------+--------+--------+-----+--------+

Top non-repeatable levels by time:
     D:1: 1638 daAuts
     D:3: 1562 daAuts
     D:5: 146 daAuts
     D:2: 132 daAuts
     D:4: 85 daAuts

Table legend:
 A = Non-vault XP
 B = Vault XP
 C = Vault XP percentage of total XP
 D = Non-vault monster count
 E = Vault monster count
 F = Vault count percentage of total count
                 A         B        C        D         E       F
            +---------+---------+-------+---------+---------+-------
      Total |     288 |       9 |   3.0 |      56 |       5 |   8.2
            +---------+---------+-------+---------+---------+-------
        D:1 |      37 |       0 |   0.0 |      22 |       0 |   0.0
        D:2 |      21 |       0 |   0.0 |       4 |       0 |   0.0
        D:3 |     110 |       9 |   7.6 |      21 |       5 |  19.2
        D:4 |      57 |       0 |   0.0 |       3 |       0 |   0.0
        D:5 |      63 |       0 |   0.0 |       6 |       0 |   0.0
            +---------+---------+-------+---------+---------+-------
